 Dungeon Crawl Stone Soup version 0.28-a0-691-gad6df49e81 (webtiles) character file.

Game seed: 12976982449993468195

1826 kae the Insei (level 9, 0/78 HPs)
             Began as a Tengu Transmuter on Oct 21, 2021.
             Was a Believer of Wu Jian.
             Slain by an orc (5 damage)
             ... on level 5 of the Dungeon.
             The game lasted 00:06:40 (8435 turns).

kae the Insei (Tengu Transmuter)                    Turns: 8435, Time: 00:06:40

Health: 0/78       AC: -2    Str: 10    XL:     9   Next: 11%
Magic:  11/13      EV: 23    Int: 17    God:    Wu Jian [**....]
Gold:   203        SH:  0    Dex: 20    Spells: 4/12 levels left

rFire   . . .      SeeInvis .     - Unarmed
rCold   . . .      Faith    .   (shield currently unavailable)
rNeg    . . .      Spirit   .   (armour currently unavailable)
rPois   x          Reflect  .   (helmet currently unavailable)
rElec   .          Harm     .   (cloak currently unavailable)
rCorr   .          Rampage  .   (gloves currently unavailable)
Will    .....                   (boots unavailable)
Stlth   ..........              (no amulet)
HPRegen 0.23/turn               (no ring)
MPRegen 0.13/turn               (no ring)

@: berserking, lethally poisoned (0 -> -4), spider-form, corroded, flying
quickly and evasively, very quick
A: venomous fangs, flying, tiny, (beak), (talons 3), nimble flight
a: End Transformation, Renounce Religion, Wall Jump


You were on level 5 of the Dungeon.
You worshipped Wu Jian.
Wu Jian was pleased with you.
You were a venomous arachnid creature.
You visited 2 branches of the dungeon, and saw 9 of its levels.
You also visited: Ossuary.

You collected 203 gold pieces.

Inventory:

Armour
 a - a +0 robe (melded)
 g - a +1 pair of gloves (melded)
 k - a scarf of invisibility
Wands
 f - a wand of flame (17)
Scrolls
 m - 2 scrolls of teleportation
Potions
 c - a potion of attraction {unknown}
 d - 2 potions of lignification {unknown}
 e - 2 potions of mutation {unknown}
 h - 4 potions of heal wounds {unknown}
 i - a potion of brilliance {unknown}
 j - 2 potions of might
 l - a potion of degeneration {unknown}
 o - 2 potions of haste
 p - a potion of flight {unknown}
 q - 2 potions of curing {unknown}


   Skills:
 + Level 4.3 Fighting
 - Level 2.1 Dodging
 * Level 7.7 Unarmed Combat
 - Level 2.0 Spellcasting
 * Level 5.4 Transmutations
 - Level 4.0 Ice Magic
 - Level 3.0 Poison Magic


You had 4 spell levels left.
You knew the following spells:

 Your Spells              Type           Power      Damage    Failure   Level
a - Beastly Appendage     Tmut           40%        N/A       8%          1
b - Spider Form           Tmut/Pois      8%         N/A       26%         3
c - Ice Form              Ice/Tmut       17%        N/A       50%         4

Your spell library contained the following spells:

 Spells                   Type           Power      Damage    Failure   Level
 Wereblood                Tmut           20%        N/A       11%         2
 Summon Small Mammal      Summ           4%         N/A       38%         1
 Call Canine Familiar     Summ           1%         N/A       71%         3
 Dazzling Flash           Conj/Hex       2%         N/A       71%         3
 Summon Guardian Golem    Hex/Summ       1%         N/A       71%         3
 Iskenderun's Mystic Bla  Conj/Tloc      1%         2d3       96%         4
 Starburst                Conj/Fire      0%         6d3       100%        6


Dungeon Overview and Level Annotations

Branches:
Dungeon (8/15)             Temple (1/1) D:4         Ossuary (visited)
   Lair: D:8-11

Altars:
Ashenzari
Cheibriados
Dithmenos
Elyvilon
Fedhas
Gozag
Hepliaklqana
Makhleb
Nemelex Xobeh
Okawaru
Qazlal
Ru
Sif Muna
Trog
Vehumet
Wu Jian
Zin


Innate Abilities, Weirdness & Mutations

You are a venomous arachnid creature.
You have poisonous fangs.
You are tiny and dextrous.
You are flying.
Your spellcasting is less reliable in this form.
Your armour is entirely melded.
You are incapable of wielding weapons or throwing items.
((You have a beak for a mouth.))
((You have claws for feet.))
Your magical nature lets you fly swiftly and evasively.


Message History

You are too injured to fight recklessly!
You barely miss the orc wizard.
The orc wizard is heavily wounded.
The orc wizard barely misses you.
You bite the orc wizard!
You kill the orc wizard!
The Council accepts your kill.
The orc throws a poisoned dart.
The poisoned dart hits you!
You are poisoned.
You lunge at the orc.
You hit the orc but do no damage.
The orc is poisoned.
You feel very sick.
The orc drinks a potion.
The orc seems to grow stronger.
The orc completely misses you.
Things that are here:
a +0 dagger; a +0 robe; a wand of acid (5) It was a potion of berserk rage.
A red film seems to cover your vision as you go berserk!
You feel yourself moving faster!
You feel mighty!
You feel very sick.
The orc drinks a potion.
The orc seems to speed up.
The orc closely misses you. x2
The orc completely misses you.
You hit the orc.
The orc is moderately wounded.
You feel sick. The orc barely misses you.
The orc hits you with a +0 short sword.
* * * LOW HITPOINT WARNING * * *
You hit the orc.
You kill the orc!
The Council accepts your kill.
You feel sick. The orc hits you with a +0 dagger.
* * * LOW HITPOINT WARNING * * *
The orc misses you.
You hit the orc.
The orc is moderately wounded.
You feel sick. The orc hits you with a +0 dagger.
* * * LOW HITPOINT WARNING * * *
You barely miss the orc.
* * * LOW HITPOINT WARNING * * *
You feel sick. The orc hits you with a +0 dagger.
You die...

.# #.#.#.#.....#.....## #.....
## #.###.###.###......# ##....
# #..................## #..). #
####................# ##...
#####............####...
#..............##.#..
#..............#..##.
#..>.............####
#..[so............###
##.)oo.............## # ###
#####.............##... #
###.#####...........(.....####.
###...#....................##
#. ...).........##..........###
#. ..........####..........##
## ........####.)..##....###
.........##....###....#


You could see 3 orcs.

Vanquished Creatures
  A troll (D:5)
  Grum (D:8)
  A sky beast (D:5)
  An ice beast (D:5)
  3 wolves (D:8)
  2 ogres
  2 phantoms (D:4)
  2 scorpions
  A wyvern skeleton (D:5)
  A water moccasin skeleton (D:5)
  A human zombie (D:8)
  A hound (D:4)
  A centaur skeleton (D:5)
  An orc priest (D:5)
  A jelly (D:3)
  Ijyb (D:4)
  2 orc wizards
  A hound skeleton (D:4)
  A mummy (Ossuary)
  7 adders
  3 gnolls (D:3)
  An ufetubus (D:4)
  A worm (D:4)
  A dart slug (D:2)
  12 orcs
  5 spectral bats (Ossuary)
  9 endoplasms
  8 giant cockroaches
  12 gnoll zombies (Ossuary)
  7 goblins
  4 hobgoblins
  5 kobolds
  6 quokkas
  9 ball pythons
  6 bats
  A bat simulacrum (Ossuary)
  5 frilled lizards
  3 goblin simulacra (Ossuary)
  5 goblin zombies (Ossuary)
  3 hobgoblin zombies (Ossuary)
  3 kobold simulacra (Ossuary)
  3 kobold zombies (Ossuary)
  7 orc zombies (Ossuary)
  4 rats
  5 rat simulacra (Ossuary)
  3 spectral goblins (Ossuary)
  3 spectral kobolds (Ossuary)
  3 spectral rats (Ossuary)
169 creatures vanquished.

Notes
Turn   | Place    | Note
-------+----------+-------------------------------------------
     0 | D:1      | kae the Tengu Transmuter began the quest for the Orb.
     0 | D:1      | Reached XP level 1. HP: 12/12 MP: 4/4
   124 | D:1      | Reached XP level 2. HP: 5/16 MP: 4/6
  1408 | D:1      | Reached XP level 3. HP: 15/20 MP: 5/7
  1583 | D:2      | Learned a level 3 spell: Spider Form
  2079 | D:2      | Found a faded altar of an unknown god.
  2111 | D:2      | Reached skill level 4 in Unarmed Combat
  2434 | D:2      | Reached skill level 1 in Poison Magic
  2658 | D:2      | Reached XP level 4. HP: 25/25 MP: 8/8
  3619 | D:3      | Gained mutation: Your magical nature lets you fly swiftly
                  | and evasively. [Tengu growth]
  3619 | D:3      | Reached XP level 5. HP: 26/30 MP: 5/9
  4043 | D:4      | Noticed Ijyb
  4060 | D:4      | Killed Ijyb
  4135 | D:4      | Reached XP level 6. HP: 35/35 MP: 7/10
  4212 | D:4      | Reached skill level 5 in Unarmed Combat
  4566 | D:4      | Found a staircase to the Ecumenical Temple.
  4619 | Temple   | Entered the Ecumenical Temple
  4896 | Temple   | Became a worshipper of the Wu Jian Council
  5123 | D:4      | Reached XP level 7. HP: 26/40 MP: 9/11
  5404 | D:4      | Found a sacrificial altar of Ru.
  5524 | D:4      | Learned a level 4 spell: Ice Form
  5748 | D:5      | Entered Level 5 of the Dungeon
  6058 | D:5      | Reached skill level 1 in Ice Magic
  6123 | D:5      | Reached skill level 6 in Unarmed Combat
  6255 | D:5      | Noticed a troll
  6264 | D:5      | Killed a troll
  6265 | D:5      | Reached XP level 8. HP: 25/46 MP: 7/12
  6479 | D:5      | You are sucked into a shaft and drop 3 floors!
  6480 | D:8      | Found a sand-covered staircase.
  6486 | D:8      | Noticed Grum
  6499 | D:8      | Killed Grum
  6505 | D:8      | Reached skill level 7 in Unarmed Combat
  6507 | D:8      | Reached skill level 5 in Transmutations
  6726 | Ossuary  | Entered an ossuary
  6752 | Ossuary  | Reached * piety under Wu Jian
  7201 | Ossuary  | Reached ** piety under Wu Jian
  7765 | D:5      | Reached XP level 9. HP: 52/52 MP: 9/13
  8435 | D:5      | Slain by an orc

Illustrated notes

Levels and vault maps discovered:
D:1:      minmay_arrival_shattered_statue, layout_loops_ring, minmay_nonomino_d4
D:2:      minmay_skewed_foursquare, layout_loops_ring, serial_aquarium,
          aquarium_bridge_straight [aquarium_subvault_bridge,
          aquarium_subvault_balcony, aquarium_subvault_bridge,
          aquarium_subvault_wall], aquarium_bridge_square
          [aquarium_subvault_wall, aquarium_subvault_balcony,
          aquarium_subvault_bridge, aquarium_subvault_window],
          aquarium_window_corner, aquarium_window_fake, aquarium_view_4,
          aquarium_view_2b, aquarium_balcony_double_3,
          hellmonk_ecumenical_altar_arch_garden
D:3:      layout_rooms, portal_sewer_entry_f
D:4:      layout_loops_corners, nicolae_ru_the_path_less_chosen,
          minmay_temple_entry_fiery, uniq_ijyb
D:5:      layout_cave_pods, minmay_misc_feat_nine_boxes, minmay_fountain_box
D:6:      layout_loops_ring, lemuel_zombie_altar_kikubaaqudgha,
          mainiacjoe_overflow_alcove_1, kennysheep_mini_moat,
          serial_bayou_ford_a, kennysheep_donut, kennysheep_crisscross,
          uniq_blork_the_orc
D:7:      layout_basic, uniq_maggie
D:8:      layout_loops_ring, lair_entry_dummy, enter_ossuary_3, serial_shops,
          shop_statue, uniq_grum
Temple:   nicolae_temple_elliptical

Skill      XL: |  1  2  3  4  5  6  7  8  9 |
---------------+----------------------------+-----
Transmutations | 2 3 4 5 |  5.4
Unarmed Combat | 4 5 6 7 |  7.7
Poison Magic   | 1 2 3 |  3.0
Fighting       | 2 3 4 |  4.3
Ice Magic      | 2 3 4 |  4.0
Dodging        | |  2.1
Spellcasting   | |  2.0

Action                   |  1- 3 |  4- 6 |  7- 9 || total
-------------------------+-------+-------+-------++-------
Melee: Unarmed           |   103 |   121 |   241 ||   465
       Headbutt          |    13 |     7 |     4 ||    24
       Peck              |    11 |     6 |    12 ||    29
       Kick              |    10 |    16 |    20 ||    46
       Punch             |     1 |       |     4 ||     5
 Cast: Beastly Appendage |    28 |    16 |     6 ||    50
       Spider Form       |       |     7 |    11 ||    18
       Ice Form          |       |       |     7 ||     7
Invok: Lunge             |       |       |    20 ||    20
  Use: Scroll            |     3 |     1 |     6 ||    10
       Potion            |       |       |     1 ||     1
 Stab: Sleeping          |       |       |     6 ||     6
Armor: Robe              |    21 |     9 |     9 ||    39
       Skin              |       |       |    32 ||    32
Dodge: Dodged            |    74 |    84 |   158 ||   316

Table legend: (Time is in decaauts)
 A = Elapsed time spent in this place.
 B = Non-inter-level travel time spent in this place.
 C = Inter-level travel time spent in this place.
 D = Time resting spent in this place.
 E = Time spent auto-exploring this place.
 F = Levels seen in this place.
 G = Mean time per level.
                   A        B        C        D        E       F      G
               +--------+--------+--------+--------+--------+-----+--------+
         Total |   8163 |   7818 |    345 |    954 |   5598 |  10 |  816.3 |
       Dungeon |   7324 |   7013 |    311 |    949 |   5023 |   8 |  915.5 |
        Temple |    288 |    254 |     34 |      0 |    240 |   1 |  288.0 |
       Ossuary |    550 |    550 |      0 |      5 |    334 |   1 |  550.0 |
               +--------+--------+--------+--------+--------+-----+--------+

Top non-repeatable levels by time:
     D:4: 1536 daAuts
     D:2: 1470 daAuts
     D:1: 1326 daAuts
     D:5: 1277 daAuts
     D:3: 1269 daAuts
 Ossuary: 550 daAuts
     D:8: 411 daAuts
  Temple: 288 daAuts
     D:6: 19 daAuts
     D:7: 13 daAuts
